 Dungeon Crawl Stone Soup version 0.30.0-18-gc0e69614cb (webtiles) character file.

Game seed: 6447233216489728112

9321 CaptainMV the Reanimator (level 11, -18/81 HPs)
             Began as a Demonspawn Wanderer on May 25, 2023.
             Was an Initiate of Yredelemnul.
             Demolished by a spriggan rider
             ... wielding a +2 heavy spear
              (35 damage)
             ... on level 1 of the Lair of Beasts.
             The game lasted 01:28:29 (6821 turns).

CaptainMV the Reanimator (Demonspawn Wanderer)      Turns: 6821, Time: 01:28:33

Health: -18/81     AC:  9    Str: 18    XL:     11   Next: 21%
Magic:  8/23       EV: 18    Int: 18    God:    Yredelemnul [......]
Gold:   606        SH:  5    Dex: 17    Spells: 14/27 levels left

rFire   . . .        a - +2 demon trident of Slime {drain, +Blink Dex+4}
rCold   . . .        b - +0 buckler
rNeg    . . .        E - +1 robe {Archmagi}
rPois   .            (no helmet)
rElec   .            (no cloak)
rCorr   .            j - +0 pair of gloves
SInv    .            r - +1 pair of boots
Will    .....        H - amulet of regeneration
Stlth   +++          h - +5 ring of evasion
HPRegen 1.13/turn    G - +6 ring of strength
MPRegen 0.18/turn

%: archmagi
@: freezing walls
A: hooves 1, thin metallic scales 2, spiny 1
a: Renounce Religion, Evoke Blink, Recall Undead Harvest


You were on level 1 of the Lair of Beasts.
You worshipped Yredelemnul.
Yredelemnul was noncommittal.
You visited 3 branches of the dungeon, and saw 12 of its levels.
You also visited: Sewer.

You collected 606 gold pieces.

Inventory:

Hand Weapons
 a - the +2 demon trident of Slime (weapon) {drain, +Blink Dex+4}
   (You acquired it on level 1 of the Dungeon)

   Dex:       It affects your dexterity (+4).
   +Blink:    It lets you blink.
 f - the +5 spear of the Warrior-Mage {flame, rElec}
   (You took it off a goblin on level 2 of the Dungeon)

   rElec:     It insulates you from electricity.
 w - a +2 trident of distortion
Missiles
 g - 16 poisoned darts
Armour
 b - a +0 buckler (worn)
 d - a +0 robe
 j - a +0 pair of gloves (worn)
 r - a +1 pair of boots (worn)
 E - a +1 robe of the Archmagi (worn)
Magical Staves
 q - a staff of cold
 s - a staff of poison
Jewellery
 h - a +5 ring of evasion (left hand)
 G - a +6 ring of strength (right hand)
 H - an amulet of regeneration (around neck)
 I - a ring of protection from cold
Wands
 A - a wand of mindburst (7)
 K - a wand of acid (5)
 L - a wand of roots (7)
 M - a wand of flame (5)
Scrolls
 l - a scroll of vulnerability
 p - a scroll of summoning
 v - a scroll of identify
 x - 2 scrolls of fear
 y - a scroll of teleportation
 z - a scroll of amnesia
 C - a scroll of blinking
 D - a scroll of enchant armour
 F - a scroll of immolation
Potions
 c - 2 potions of lignification
 e - a potion of curing
 i - a potion of haste
 k - 2 potions of heal wounds
 m - 4 potions of mutation
 n - 3 potions of might
 o - 2 potions of magic
 t - 3 potions of attraction
 u - 2 potions of berserk rage
 B - a potion of cancellation
Miscellaneous
 J - a phial of floods (quivered)


   Skills:
 + Level 5.6 Fighting
 + Level 7.6 Polearms
 + Level 4.2 Dodging
 + Level 4.2 Stealth
 + Level 3.1 Shields
 + Level 1.3 Unarmed Combat
 + Level 8.7 Spellcasting
 + Level 1.8 Conjurations
 + Level 9.4 Necromancy
 + Level 1.7 Ice Magic
 + Level 0.1 Invocations
 + Level 0.2 Evocations


You had 14 spell levels left.
You knew the following spells:

 Your Spells              Type           Power      Damage    Failure   Level
a - Necrotise             Necr           100%       1d9       1%          1
b - Vampiric Draining     Necr           58%        2d10      1%          3
c - Frozen Ramparts       Ice            42%        1d7       17%         3
d - Hailstorm             Conj/Ice       21%        3d6       17%         3
e - Inner Flame           Hex/Fire       12%        N/A       32%         3

Your spell library contained the following spells:

 Spells                   Type           Power      Damage    Failure   Level
 Freeze                   Ice            84%        1d9       5%          1
 Flame Wave               Conj/Fire      17%        2d7       61%         4
 Sticky Flame             Conj/Fire      17%        2d4       61%         4
 Petrify                  Tmut/Erth      11%        N/A       75%         4
 Metabolic Englaciation   Hex/Ice        8%         N/A       91%         5
 Statue Form              Tmut/Erth      7%         N/A       100%        6


Dungeon Overview and Level Annotations

Branches:
Dungeon (10/15)            Temple (1/1) D:7            Lair (1/5) D:10
  Sewer (visited)
    Orc: D:9-12

Altars:
Ashenzari
Cheibriados
Dithmenos
Fedhas
Gozag
Hepliaklqana
Kikubaaqudgha
Makhleb
Nemelex Xobeh
Okawaru
Qazlal
Ru
Sif Muna
Trog
Uskayaw
Vehumet
Wu Jian
Xom
Yredelemnul

Shops:
D:5 ?   D:6 ?

Annotations:
Lair:1 1 transporter, pornopis's ghost, journeyman MiBe


Innate Abilities, Weirdness & Mutations

You have large cloven feet.
You are mostly covered in thin metallic scales. (AC +3)
You are partially covered in sharp spines.


Message History

The wall freezes the moth of wrath.
The moth of wrath bites your spectral komodo dragon!
Casting: Hailstorm (dangerous; 17% risk of failure)
Confirm with . or Enter, or press ? or * to list all spells.
Casting: Hailstorm (dangerous; 17% risk of failure)
Press: ? - help, Dir - look around, f - activate You feel a surge of power!
A cannonade of hail descends around you!
The hail misses the moth of wrath.
The hail pelts the spriggan rider!
The spriggan rider is moderately wounded.
The hail misses the moth of wrath.
The spriggan rider blocks the hail.
The hail pelts pornopis's ghost!
Pornopis's ghost is moderately damaged.
The hail misses the spriggan.
The hail pelts the spriggan!
The spriggan is heavily wounded.
Pornopis's ghost hits your bullfrog zombie!!
Your bullfrog zombie is destroyed!
The wall freezes the spriggan but does no damage.
The spriggan hits you with a +0 rapier! You block the spriggan rider's attack.
The wall freezes the spriggan rider but does no damage.
Your spectral komodo dragon bites the moth of wrath!
The moth of wrath goads the spriggan on!
The spriggan goes berserk!
The wall freezes the moth of wrath.
The moth of wrath bites your spectral komodo dragon!
Your spectral komodo dragon is destroyed!
The wall freezes the spriggan rider.
The wall freezes the spriggan.
Casting: Hailstorm (dangerous; 17% risk of failure)
Confirm with . or Enter, or press ? or * to list all spells.
Aiming: Vampiric Draining (safe; 1% risk of failure)
Press: ? - help, Shift-Dir - straight line, f - spriggan
Aim: a spriggan, wielding a +0 rapier and wearing a +0 robe (heavily wounded, berserk)
You feel a surge of power!
You draw life force from the spriggan!
You feel life coursing into your body.
The wall freezes the spriggan.
The spriggan hits you with a +0 rapier!
* * * LOW HITPOINT WARNING * * *
The spriggan hits you with a +0 rapier.
* * * LOW HITPOINT WARNING * * *
The spriggan rider hits you from afar with a +2 heavy spear!!
You die...
Your body rises from the dead as a mindless zombie.

...).................#.#
.............#####.....##
..........###.©i###....##
....##.......##....W.#
#...P#
#...####.....##..#.####
....# #....#
#....##.###.#§#.##...#
###...P#
#....#.##≈..§#§..#...#
......#
#...©#©..#._.....#©..#
......#
#....#.@"yi$[....#...#
......#
#....##iiyi#≈#..##.###
......#
#.....#.iW.####.#..#
......#
#.....##......###..#
.#....#
#......###...###..##
##....#
#........#####....# #....#
##................##
#....###...............###
##.........(...>.P#######


You could see 2 spriggan riders, 2 moths of wrath, 3 spriggans and pornopis's
ghost.

Vanquished Creatures
  A manticore (D:8)
  A cane toad (Lair:1)
  A komodo dragon (Lair:1)
  2 hornets (D:9)
  2 wyverns
  4 yaks (D:10)
  2 steam dragons
  A warg (shapeshifter) (D:8)
  2 water moccasins (Lair:1)
  An orc warrior (D:6)
  A sky beast (D:7)
  2 ogres
  4 black bears
  2 ice beasts
  6 centaurs
  3 phantoms
  A kobold brigand (D:8)
  10 bullfrogs
  2 gnoll sergeants
  3 scorpions
  9 wights
  5 killer bees (D:8)
  A howler monkey (D:8)
  3 jellies
  5 hounds
  An orc priest (D:4)
  2 iguanas (D:5)
  2 sleepcaps
  6 orc wizards
  7 gnolls
  16 adders
  A white imp (D:7)
  3 ufetubi
  2 worms
  2 dart slugs (D:2)
  29 orcs
  4 bats
  12 endoplasms
  8 giant cockroaches
  11 goblins
  11 hobgoblins
  6 jackals
  8 kobolds
  7 quokkas
  8 ball pythons
  5 frilled lizards (Sewer)
  A kobold zombie (D:8)
  4 rats
230 creatures vanquished.

Vanquished Creatures (collateral kills)
  A cyclops (D:8)
  Joseph (Lair:1)
  A cane toad (Lair:1)
  Psyche (D:8)
  A spriggan (Lair:1)
  A wraith (D:5)
  Menkaure (D:5)
  An acid dragon (D:10)
  A bullfrog (D:8)
  5 wights
  2 killer bees
  A hound (D:5)
  2 orc priests (D:5)
  A gnoll bouda (D:5)
  A gnoll (D:1)
  2 adders (D:5)
  5 orcs
  An endoplasm (D:2)
  2 giant cockroaches (Sewer)
  A goblin (D:3)
  2 frilled lizards
  An orc zombie (D:7)
35 creatures vanquished.

Vanquished Creatures (others)
  A spectral komodo dragon (Lair:1)
  A cane toad zombie (Lair:1)
  2 bullfrog zombies (Lair:1)
  A centaur zombie (D:9)
  4 killer bee zombies (D:8)
  A steam dragon zombie (D:8)
  A gnoll zombie (D:9)
  3 kobold zombies (D:8)
  4 orc zombies (D:8)
  A spectral ufetubus (D:7)
19 creatures vanquished.

Grand Total: 284 creatures vanquished

Notes
Turn   | Place    | Note
-------+----------+-------------------------------------------
     0 | D:1      | CaptainMV the Demonspawn Wanderer began the quest for the
                  | Orb.
     0 | D:1      | CaptainMV set off with the following items: a +0 trident, a
                  | +0 buckler, a potion of lignification, a +0 robe; and the
                  | following spell memorised: Necrotise; and the following
                  | spells available to memorise: Vampiric Draining.
     0 | D:1      | Reached XP level 1. HP: 16/16 MP: 3/3
    59 | D:1      | Gained mutation: You are partially covered in thin metallic
                  | scales. (AC +2) [demonic ancestry]
    59 | D:1      | Reached XP level 2. HP: 7/22 MP: 0/5
   316 | D:1      | Reached skill level 4 in Necromancy
   404 | D:1      | Identified a scroll of acquirement
   404 | D:1      | Acquired the +2 demon trident of Slime {drain, +Blink
                  | Dex+4}
   499 | D:1      | Reached XP level 3. HP: 27/27 MP: 1/6
   860 | D:2      | Learned a level 3 spell: Vampiric Draining
  1209 | D:2      | Identified the +5 spear of the Warrior-Mage {flame, rElec}
  1310 | D:3      | Noticed an ogre
  1318 | D:3      | Reached XP level 4. HP: 14/33 MP: 1/8
  1322 | D:3      | Killed an ogre
  1323 | D:3      | Reached XP level 5. HP: 16/38 MP: 2/9
  1443 | D:3      | Found a glowing drain.
  1452 | Sewer    | Entered a sewer
  1496 | Sewer    | Reached skill level 5 in Necromancy
  1642 | Sewer    | Gained mutation: You have large cloven feet. [demonic
                  | ancestry]
  1642 | Sewer    | Reached XP level 6. HP: 27/44 MP: 0/11
  1677 | Sewer    | Reached skill level 1 in Dodging
  1948 | D:3      | Found a faded altar of an unknown god.
  2109 | D:4      | Found an ancient bone altar of Kikubaaqudgha.
  2246 | D:4      | Found an opulent altar of Gozag.
  2255 | D:4      | Found a radiant altar of Vehumet.
  2269 | D:4      | Reached XP level 7. HP: 51/51 MP: 0/13
  2273 | D:4      | Reached skill level 6 in Necromancy
  2681 | D:5      | Entered Level 5 of the Dungeon
  2735 | D:5      | Noticed Menkaure
  2741 | D:5      | Reached skill level 5 in Spellcasting
  2754 | D:5      | Noticed a wyvern
  2765 | D:5      | Killed a wyvern
  2781 | D:5      | Killed Menkaure
  2782 | D:5      | Reached skill level 7 in Necromancy
  2782 | D:5      | Gained mutation: You are partially covered in sharp spines.
                  | [demonic ancestry]
  2782 | D:5      | Reached XP level 8. HP: 6/57 MP: 1/16
  2829 | D:5      | Found an opulent altar of Gozag.
  3058 | D:5      | Reached skill level 1 in Stealth
  3235 | D:5      | Found an ornate altar of the Wu Jian Council.
  3330 | D:5      | Found Tawnef's Magic Scroll Emporium.
  3414 | D:6      | Found Sanint's Magic Scroll Shop.
  3497 | D:6      | Reached skill level 8 in Necromancy
  3503 | D:6      | Reached XP level 9. HP: 42/63 MP: 18/18
  3721 | D:6      | Reached skill level 5 in Polearms
  4187 | D:6      | Found a shimmering altar of Xom.
  4515 | D:7      | Learned a level 3 spell: Frozen Ramparts
  4519 | D:7      | Learned a level 3 spell: Hailstorm
  4571 | D:7      | HP: 2/62 [wight/+2 trident (15)]
  4586 | D:7      | HP: 3/61 [wight/+5 spear (2)]
  4608 | D:7      | Found a staircase to the Ecumenical Temple.
  4618 | Temple   | Entered the Ecumenical Temple
  4662 | Temple   | Became a worshipper of Yredelemnul the Dark
  4724 | D:7      | Found a shadowy altar of Dithmenos.
  4724 | D:7      | Found a stormy altar of Qazlal.
  4762 | D:7      | Found a bloodstained altar of Trog.
  4774 | D:7      | Reached skill level 9 in Necromancy
  4903 | D:7      | Reached * piety under Yredelemnul
  4954 | D:7      | Reached ** piety under Yredelemnul
  5033 | D:8      | Found a snail-covered altar of Cheibriados.
  5189 | D:8      | Found a burning altar of Makhleb.
  5282 | D:8      | Found a blossoming altar of Fedhas.
  5290 | D:8      | Reached XP level 10. HP: 72/72 MP: 11/21
  5385 | D:8      | Noticed a manticore
  5399 | D:8      | Killed a manticore
  5400 | D:8      | Reached skill level 1 in Ice Magic
  5430 | D:8      | Noticed Psyche
  5441 | D:8      | Killed Psyche
  5442 | D:8      | Reached skill level 1 in Conjurations
  5443 | D:8      | Noticed a cyclops
  5457 | D:8      | Killed a cyclops
  5458 | D:8      | Reached skill level 1 in Unarmed Combat
  5508 | D:8      | Found a shimmering blue altar of Sif Muna.
  5793 | D:9      | Reached skill level 5 in Fighting
  6054 | D:10     | Entered Level 10 of the Dungeon
  6149 | D:10     | Found a hide-covered altar of Uskayaw.
  6149 | D:10     | Noticed a +0 dagger
  6149 | D:10     | Noticed a +0 spear
  6149 | D:10     | Noticed a +0 short sword
  6149 | D:10     | Noticed a +0 spear
  6150 | D:10     | Noticed a +0 falchion
  6151 | D:10     | Noticed a +0 falchion
  6152 | D:10     | Noticed a +0 dagger
  6153 | D:10     | Noticed a +0 short sword
  6268 | D:10     | Found a staircase to the Lair.
  6284 | D:10     | Learned a level 3 spell: Inner Flame
  6297 | Lair:1   | Entered Level 1 of the Lair of Beasts
  6428 | Lair:1   | Gained mutation: You are mostly covered in thin metallic
                  | scales. (AC +3) [demonic ancestry]
  6428 | Lair:1   | Reached XP level 11. HP: 80/80 MP: 23/23
  6485 | Lair:1   | Found a bloodstained altar of Trog.
  6485 | Lair:1   | Noticed pornopis's ghost (journeyman MiBe)
  6487 | Lair:1   | Noticed a spriggan rider
  6505 | Lair:1   | Noticed a spriggan rider
  6506 | Lair:1   | Found a transporter.
  6530 | Lair:1   | Found a transporter.
  6582 | Lair:1   | Noticed Joseph
  6593 | Lair:1   | Killed Joseph
  6821 | Lair:1   | Demolished by a spriggan rider

Illustrated notes

Levels and vault maps discovered:
D:1:      amcnicky_arrival_gap_in_the_tavern_cellar, layout_basic
D:2:      layout_rooms
D:3:      layout_loops_ring, basic_ecumenical_altar, portal_sewer_entry_d,
          minmay_ogre_servants
D:4:      layout_layer_cave, mainiacjoe_overflow_alcove_1, lemuel_doored_altar,
          nicolae_vehumet_radiance, mainiacjoe_overflow_brackets
D:5:      minmay_opposing_rooms, layout_rooms, serial_corexii_hall,
          corexii_hall_statues_i, corexii_hall_statues_s, serial_shops,
          nicolae_lakefront_shop, hangedman_feature_mirror,
          corexii_leaking_fountain, corexii_checkpoint_a, uniq_menkaure
D:6:      layout_loops_ring, mainiacjoe_overflow_small_starburst,
          serial_co_window_serial, co_window_corner_a, co_window_corner_a,
          co_window_paths_b, co_window_paths_b, co_window_corner_a,
          co_window_cross_1, co_window_of_opportunity_b, co_window_corner_b,
          co_window_2corner, co_window_broadway_c, co_window_unsneaky_path_b,
          co_window_2corner, glass_columns_c, glass_columns_b, glass_columns_a,
          glass_columns_a, serial_shops, nicolae_shop_tiny_real_fake_doors,
          minmay_misc_feat_square
D:7:      layout_rooms, mainiacjoe_overflow_chevrons,
          gammafunk_temple_overflow_pools, minmay_temple_entry_sparse_star,
          serial_park_tiny_2
D:8:      minmay_ornate_pinched, layout_loops_ring,
          lemuel_coloured_pillars_altar, slow_altar_1, tgw_sif,
          fedhas_bush_and_centaur_altar, uniq_psyche
D:9:      layout_big_octagon
D:10:     layout_roguey, nicolae_uskayaw_en_pointe, lair_entry_dummy,
          minmay_circle_x
Temple:   dpeg_three_leaves_temple
Lair:1:   layout_cellular_growth, gammafunk_ghost_wrathful_warriors,
          beast_lair_carwin_9, uniq_joseph

Skill      XL: |  1  2  3  4  5  6  7  8  9 10 11 |
---------------+----------------------------------+-----
Necromancy     | 4 5 7 8 9 |  9.4
Polearms       | 2 3 4 5 7 |  7.6
Spellcasting   | 3 4 5 6 7 8 |  8.7
Dodging        | 1 2 3 4 |  4.2
Stealth        | 1 2 3 4 |  4.2
Shields        | 2 3 |  3.1
Fighting       | 3 4 5 |  5.6
Ice Magic      | 1 |  1.7
Conjurations   | 1 |  1.8
Unarmed Combat | 1 |  1.3
Invocations    | |  0.1
Evocations     | |  0.2

Action                     |  1- 3 |  4- 6 |  7- 9 | 10-12 || total
---------------------------+-------+-------+-------+-------++-------
  Melee: Trident           |     5 |       |       |       ||     5
         Demon trident     |    22 |    59 |   166 |    95 ||   342
         Unarmed           |       |       |       |    12 ||    12
   Cast: Necrotise         |    58 |    79 |    97 |       ||   234
         Vampiric Draining |       |    10 |    21 |    11 ||    42
         Hailstorm         |       |       |    11 |    16 ||    27
         Frozen Ramparts   |       |       |     2 |     3 ||     5
         Inner Flame       |       |       |       |     2 ||     2
 Invoke: Recall Undead Har |       |       |     1 |       ||     1
         Dark Bargain      |       |       |     1 |       ||     1
Ability: Evoke Blink       |       |       |     1 |     1 ||     2
    Use: Scroll            |     5 |     2 |    17 |     3 ||    27
         Potion            |       |       |     6 |     1 ||     7
   Stab: Sleeping          |     1 |       |     6 |     5 ||    12
         Distracted        |       |       |     1 |     2 ||     3
 Armour: Robe              |    10 |    22 |    40 |    15 ||    87
         Skin              |       |       |       |     1 ||     1
  Dodge: Dodged            |    34 |    74 |   153 |    78 ||   339
  Block: Buckler           |     9 |    19 |    46 |    18 ||    92
